3L
OAKLAND OAKS @ ECHO PARK LAKERS
07/29/2034
 
TOP OF THE 1ST
Oakland Oaks batting - Pitching for Echo Park Lakers : RHP Willie Dustice
Pitching: RHP Willie Dustice
Batting: RHB Yehonatan Chazan 0-0: Ground out 5-3 (Groundball, 56S)
Batting: RHB Alfonso Nazario 0-0: Called Strike
0-1: Swinging Strike
0-2: Strikes out swinging
Batting: RHB Colin O'Connell 0-0: Ball
1-0: Foul Ball, location: 2F
1-1: Ball
2-1: Fly out, F4 (Popup, 4)
Top of the 1st over - 0 runs, 0 hits, 0 errors, 0 left on base; Oakland 0 - Echo Park 0
BOTTOM OF THE 1ST
Echo Park Lakers batting - Pitching for Oakland Oaks : RHP Dave Stephenson
Pitching: RHP Dave Stephenson
Batting: SHB Toby Sutton 0-0: Ball
1-0: Ball
2-0: Ball
3-0: Base on Balls
Batting: RHB Félix Romero 0-0: Ball
1-0: Foul Ball, location: 2F
1-1: Ball
2-1: Ball
3-1: Grounds into double play, 6-4-3 (Groundball, 6)
Batting: RHB Guillermo Coss 0-0: Ball
1-0: Ball
2-0: Called Strike
2-1: Fly out, F8 (Line Drive, 8RM)
Bottom of the 1st over - 0 runs, 0 hits, 0 errors, 0 left on base; Oakland 0 - Echo Park 0
TOP OF THE 2ND
Oakland Oaks batting - Pitching for Echo Park Lakers : RHP Willie Dustice
Batting: LHB Tim O'Neal 0-0: Ground out 5-3 (Groundball, 56S)
Batting: SHB Luis Luquín 0-0: Ball
1-0: Called Strike
1-1: Foul Ball, location: 2F
1-2: Ball
2-2: SINGLE (Line Drive, 56)
Batting: RHB Joseph Papasogli 0-0: SINGLE (Groundball, 25) (infield hit)
Luis Luquín to second
Batting: RHB Cristián Coronado 0-0: Called Strike
Luis Luquín steals 3rd base
Joseph Papasogli to second
0-1: Ball
1-1: Ball
2-1: Ground out U3 (Groundball, 34)
Luis Luquín scores
Joseph Papasogli to third
Batting: RHB Raúl Chávez 0-0: Ball
1-0: Ball
2-0: Ball
3-0: Base on Balls
Batting: RHB Juan Alcocer 0-0: Ball
1-0: Called Strike
1-1: Swinging Strike
1-2: Ball
2-2: Foul Ball, location: 2F
2-2: Ball
3-2: SINGLE (Groundball, 6D)
Joseph Papasogli scores
Raúl Chávez to second
Raúl Chávez to third
Batting: RHB Yehonatan Chazan 0-0: Called Strike
0-1: Called Strike
0-2: Ball
1-2: Ball
2-2: Ground out 5-3 (Groundball, 56)
Top of the 2nd over - 2 runs, 3 hits, 0 errors, 2 left on base; Oakland 2 - Echo Park 0
BOTTOM OF THE 2ND
Echo Park Lakers batting - Pitching for Oakland Oaks : RHP Dave Stephenson
Batting: RHB Manuel Guillama 0-0: SOLO HOME RUN (Flyball, 7D), Distance : 399 ft
Batting: LHB Rich Watkins 0-0: Ground out 5-3 (Groundball, 56S)
Batting: RHB Xavier Pérez 0-0: Ball
1-0: Ball
2-0: Foul Ball, location: 2F
2-1: SINGLE (Groundball, 6MD)
Batting: RHB Chris Harrell 0-0: Grounds into double play, 1-6-3 (Groundball, 13S)
Bottom of the 2nd over - 1 run, 2 hits, 0 errors, 0 left on base; Oakland 2 - Echo Park 1
TOP OF THE 3RD
Oakland Oaks batting - Pitching for Echo Park Lakers : RHP Willie Dustice
Batting: RHB Alfonso Nazario 0-0: Ball
1-0: Ball
2-0: Called Strike
2-1: Swinging Strike
2-2: Ball
3-2: Base on Balls
Batting: RHB Colin O'Connell 0-0: Foul Ball, location: 2F
0-1: Foul Ball, location: 2F
0-2: Foul Ball, location: 2F
0-2: Ball
1-2: Strikes out swinging
Batting: LHB Tim O'Neal 0-0: Ball
1-0: Fly out, F9 (Flyball, 9D)
Batting: SHB Luis Luquín 0-0: Ball
1-0: Ball
2-0: Called Strike
2-1: Ball
3-1: Fly out, F7 (Flyball, 7S)
Top of the 3rd over - 0 runs, 0 hits, 0 errors, 1 left on base; Oakland 2 - Echo Park 1
BOTTOM OF THE 3RD
Echo Park Lakers batting - Pitching for Oakland Oaks : RHP Dave Stephenson
Batting: RHB Freddy Torres 0-0: Foul Ball, location: 2F
0-1: Ball
1-1: SINGLE (Line Drive, 6M)
Batting: SHB Rodolphe Nairn 0-0: Called Strike
0-1: Ball
Pickoff Throw by Catcher to First - Error! E2
Freddy Torres to second
1-1: Swinging Strike
1-2: SINGLE (Line Drive, 56)
Freddy Torres to third
Runner from 3rd tries for Home, SAFE, throw made home
Batting: SHB Toby Sutton 0-0: Ball
1-0: Called Strike
1-1: Ball
2-1: Swinging Strike
2-2: Ball
3-2: Strikes out swinging
Batting: RHB Félix Romero 0-0: Ball
1-0: Ball
2-0: Ball
3-0: Called Strike
3-1: Fly out, F9 (Flyball, 9)
Batting: RHB Guillermo Coss 0-0: Ball
1-0: Fielders Choice at 2nd, 6-4 (Groundball, 56)
Bottom of the 3rd over - 1 run, 2 hits, 1 error, 1 left on base; Oakland 2 - Echo Park 2
TOP OF THE 4TH
Oakland Oaks batting - Pitching for Echo Park Lakers : RHP Willie Dustice
Batting: RHB Joseph Papasogli 0-0: Ground out 2-3 (Groundball, 2L)
Batting: RHB Cristián Coronado 0-0: Called Strike
0-1: Ball
1-1: Called Strike
1-2: Foul Ball, location: 2F
1-2: SINGLE (Flyball, 8RS)
Batting: RHB Raúl Chávez 0-0: Ball
1-0: Called Strike
1-1: Foul Ball, location: 2F
1-2: Ball
Cristián Coronado steals 2nd base
2-2: Foul Ball, location: 2F
2-2: SINGLE (Groundball, 6MD)
Cristián Coronado to third
Runner from 3rd tries for Home, SAFE, throw made home
Raúl Chávez to second
Batting: RHB Juan Alcocer 0-0: SINGLE (Line Drive, 34D)
Raúl Chávez to third
Runner from 3rd tries for Home, SAFE, throw made home
Juan Alcocer to second
Batting: RHB Yehonatan Chazan 0-0: Called Strike
0-1: Called Strike
0-2: Strikes out looking
Batting: RHB Alfonso Nazario 0-0: Ball
1-0: Called Strike
1-1: Ball
2-1: 2-RUN HOME RUN (Flyball, 7LD), Distance : 365 ft
Batting: RHB Colin O'Connell 0-0: Called Strike
0-1: Ball
1-1: Ball
2-1: Swinging Strike
2-2: Foul Ball, location: 2F
2-2: Strikes out swinging
Top of the 4th over - 4 runs, 4 hits, 0 errors, 0 left on base; Oakland 6 - Echo Park 2
BOTTOM OF THE 4TH
Echo Park Lakers batting - Pitching for Oakland Oaks : RHP Dave Stephenson
Batting: RHB Manuel Guillama 0-0: Called Strike
0-1: Called Strike
0-2: Fly out, F8 (Flyball, 8LD)
Batting: LHB Rich Watkins 0-0: Ball
1-0: Swinging Strike
1-1: Foul Ball, location: 2F
1-2: Ball
2-2: Ball
3-2: Ground out 5-3 (Groundball, 5)
Batting: RHB Xavier Pérez 0-0: Ball
1-0: Foul Ball, location: 2F
1-1: Foul Ball, location: 2F
1-2: Ball
2-2: Strikes out swinging
Bottom of the 4th over - 0 runs, 0 hits, 0 errors, 0 left on base; Oakland 6 - Echo Park 2
TOP OF THE 5TH
Oakland Oaks batting - Pitching for Echo Park Lakers : RHP Willie Dustice
Batting: LHB Tim O'Neal 0-0: Ball
1-0: Called Strike
1-1: Foul Ball, location: 2F
1-2: Foul Ball, location: 2F
1-2: Foul Ball, location: 2F
1-2: Strikes out swinging
Batting: SHB Luis Luquín 0-0: Foul Ball, location: 2F
0-1: SINGLE (Flyball, 78M)
Batting: RHB Joseph Papasogli 0-0: Ball
1-0: Fly out, F7 (Flyball, 7S)
Batting: RHB Cristián Coronado 0-0: Ball
1-0: Ground out U3 (Groundball, 3L)
Top of the 5th over - 0 runs, 1 hit, 0 errors, 1 left on base; Oakland 6 - Echo Park 2
BOTTOM OF THE 5TH
Echo Park Lakers batting - Pitching for Oakland Oaks : RHP Dave Stephenson
Batting: RHB Chris Harrell 0-0: Called Strike
0-1: Ball
1-1: Ground out 6-3 (Groundball, 56D)
Batting: RHB Freddy Torres 0-0: Ball
1-0: Foul Ball, location: 2F
1-1: Ground out 5-3 (Groundball, 5L)
Batting: SHB Rodolphe Nairn 0-0: Hit by Pitch
Batting: SHB Toby Sutton 0-0: Called Strike
0-1: Called Strike
0-2: Foul Ball, location: 2F
0-2: Strikes out looking
Bottom of the 5th over - 0 runs, 0 hits, 0 errors, 1 left on base; Oakland 6 - Echo Park 2
TOP OF THE 6TH
Oakland Oaks batting - Pitching for Echo Park Lakers : RHP Willie Dustice
Pitching: RHP Nolan Howard
Batting: RHB Raúl Chávez 0-0: SINGLE (Line Drive, 8RS)
Batting: RHB Juan Alcocer 0-0: Called Strike
0-1: Ball
1-1: Sac Bunt - play at first, batter safe!
Raúl Chávez to second
Batting: RHB Yehonatan Chazan 0-0: Ball
1-0: Foul Ball, location: 2F
1-1: Foul Ball, location: 2F
1-2: Ball
2-2: Strikes out swinging
Batting: RHB Alfonso Nazario 0-0: Called Strike
0-1: Ball
1-1: Foul Ball, location: 2F
1-2: Ball
2-2: Ball
3-2: Strikes out looking
Batting: RHB Colin O'Connell 0-0: Ball
1-0: Ball
2-0: Called Strike
2-1: SINGLE (Groundball, 56D)
Raúl Chávez to third
Juan Alcocer to second
Runner from 3rd tries for Home, SAFE, no throw
Batting: LHB Tim O'Neal 0-0: Ball
1-0: Called Strike
1-1: Ball
2-1: Swinging Strike
2-2: Strikes out swinging
Top of the 6th over - 1 run, 3 hits, 0 errors, 2 left on base; Oakland 7 - Echo Park 2
BOTTOM OF THE 6TH
Echo Park Lakers batting - Pitching for Oakland Oaks : RHP Dave Stephenson
Batting: RHB Félix Romero 0-0: Called Strike
0-1: Ball
1-1: Called Strike
1-2: Ground out 1-3 (Groundball, 15S)
Batting: RHB Guillermo Coss 0-0: Called Strike
0-1: Ball
1-1: Ball
2-1: Called Strike
2-2: Fly out, F9 (Flyball, 9S)
Batting: RHB Manuel Guillama 0-0: Foul Ball, location: 2F
0-1: Fly out, F8 (Flyball, 8LM)
Bottom of the 6th over - 0 runs, 0 hits, 0 errors, 0 left on base; Oakland 7 - Echo Park 2
TOP OF THE 7TH
Oakland Oaks batting - Pitching for Echo Park Lakers : RHP Nolan Howard
Batting: SHB Luis Luquín 0-0: TRIPLE (Flyball, 89XD)
Batting: RHB Joseph Papasogli 0-0: Ball
1-0: Swinging Strike
1-1: Ball
2-1: Foul Ball, location: 2F
2-2: Strikes out swinging
Batting: RHB Cristián Coronado 0-0: Ball
1-0: Swinging Strike
1-1: Swinging Strike
1-2: Foul Ball, location: 2F
1-2: Foul Ball, location: 2F
1-2: Strikes out looking
Batting: RHB Raúl Chávez 0-0: Foul Ball, location: 2F
0-1: Ball
1-1: Ball
2-1: Ball
3-1: Foul Ball, location: 2F
3-2: Base on Balls
Batting: RHB Juan Alcocer 0-0: Ball
1-0: Ball
Wild Pitch!
Luis Luquín scores
Raúl Chávez to second
2-0: Ball
3-0: Called Strike
3-1: Base on Balls
Batting: RHB Yehonatan Chazan 0-0: Ball
Raúl Chávez steals 3rd base
1-0: Foul Ball, location: 2F
1-1: Ball
2-1: Ball
3-1: Foul Ball, location: 2F
3-2: Foul Ball, location: 2F
3-2: Fly out, F3 (Popup, 3F)
Top of the 7th over - 1 run, 1 hit, 0 errors, 2 left on base; Oakland 8 - Echo Park 2
BOTTOM OF THE 7TH
Echo Park Lakers batting - Pitching for Oakland Oaks : RHP Dave Stephenson
Batting: LHB Rich Watkins 0-0: Called Strike
0-1: Ball
1-1: Ground out 1-3 (Groundball, 13)
Batting: RHB Xavier Pérez 0-0: Ball
1-0: Ball
2-0: Called Strike
2-1: Foul Ball, location: 2F
2-2: Strikes out swinging
Batting: RHB Chris Harrell 0-0: Ground out 5-3 (Groundball, 56S)
Bottom of the 7th over - 0 runs, 0 hits, 0 errors, 0 left on base; Oakland 8 - Echo Park 2
TOP OF THE 8TH
Oakland Oaks batting - Pitching for Echo Park Lakers : RHP Nolan Howard
Batting: RHB Alfonso Nazario 0-0: Ball
1-0: Ball
2-0: Ball
3-0: Called Strike
3-1: Foul Ball, location: 2F
3-2: Strikes out swinging
Batting: RHB Colin O'Connell 0-0: Ball
1-0: Ground out 4-3 (Groundball, 4)
Batting: LHB Tim O'Neal 0-0: Ball
1-0: Ball
2-0: Ball
3-0: Called Strike
3-1: Foul Ball, location: 2F
3-2: Base on Balls
Batting: SHB Luis Luquín 0-0: Ball
Tim O'Neal is caught stealing 2nd base
Top of the 8th over - 0 runs, 0 hits, 0 errors, 0 left on base; Oakland 8 - Echo Park 2
BOTTOM OF THE 8TH
Echo Park Lakers batting - Pitching for Oakland Oaks : RHP Dave Stephenson
Batting: RHB Freddy Torres 0-0: Ball
1-0: Called Strike
1-1: Ball
2-1: Swinging Strike
2-2: Ground out 6-3 (Groundball, 6M)
Batting: SHB Rodolphe Nairn 0-0: Ball
1-0: Ball
2-0: Ball
3-0: Base on Balls
Batting: SHB Toby Sutton 0-0: Ball
1-0: Swinging Strike
1-1: Fly out, F8 (Line Drive, 8LM)
Pitching: RHP Pedro Rodríguez
Batting: RHB Félix Romero 0-0: Called Strike
0-1: Ball
1-1: 2-RUN HOME RUN (Flyball, 78XD), Distance : 395 ft
Batting: RHB Guillermo Coss 0-0: Called Strike
0-1: Ball
1-1: Foul Ball, location: 2F
1-2: Ball
2-2: Ground out 6-3 (Groundball, 6)
Bottom of the 8th over - 2 runs, 1 hit, 0 errors, 0 left on base; Oakland 8 - Echo Park 4
TOP OF THE 9TH
Oakland Oaks batting - Pitching for Echo Park Lakers : RHP Nolan Howard
Pitching: RHP Jeffery Prosser
Batting: SHB Luis Luquín 0-0: Called Strike
0-1: SINGLE (Groundball, 34D)
Batting: RHB Joseph Papasogli 0-0: Sac Bunt - play at first, batter safe!
Luis Luquín to second
Batting: RHB Cristián Coronado 0-0: Called Strike
0-1: Ball
1-1: Swinging Strike
1-2: Foul Ball, location: 2F
1-2: Ball
2-2: Strikes out swinging
Batting: RHB Raúl Chávez 0-0: Ball
1-0: Foul Ball, location: 2F
1-1: Ball
2-1: Swinging Strike
2-2: Strikes out swinging
Batting: RHB Juan Alcocer 0-0: Called Strike
0-1: Called Strike
0-2: Ball
1-2: Ball
2-2: Ground out 6-3 (Groundball, 6M)
Top of the 9th over - 0 runs, 2 hits, 0 errors, 2 left on base; Oakland 8 - Echo Park 4
BOTTOM OF THE 9TH
Echo Park Lakers batting - Pitching for Oakland Oaks : RHP Pedro Rodríguez
Batting: RHB Manuel Guillama 0-0: Ball
1-0: Swinging Strike
1-1: Foul Ball, location: 2F
1-2: Foul Ball, location: 2F
1-2: Ball
2-2: Strikes out swinging
Batting: LHB Rich Watkins 0-0: Ball
1-0: Ball
2-0: Ball
3-0: Called Strike
3-1: Base on Balls
Batting: RHB Xavier Pérez 0-0: Called Strike
0-1: Fly out, F7 (Flyball, 7)
Batting: RHB Chris Harrell 0-0: Ball
1-0: Ball
2-0: Ball
3-0: Called Strike
3-1: Foul Ball, location: 2F
3-2: Strikes out looking
Bottom of the 9th over - 0 runs, 0 hits, 0 errors, 1 left on base; Oakland 8 - Echo Park 4
Friday, March 29th, 2019 - OOTP Baseball 18.8 Build 76